 Dungeon Crawl Stone Soup version 0.26-a0-67-g850bfe61e3 (webtiles) character file.

Game seed: 8624737213749802315

45 Gargoyl the Skirmisher (level 3, -2/31 HPs)
             Began as a Centaur Abyssal Knight on June 12, 2020.
             Was a Follower of Lugonu.
             Slain by a phantom (3 damage)
             ... on level 2 of the Dungeon.
             The game lasted 00:02:57 (1779 turns).

Gargoyl the Skirmisher (Centaur Abyssal Knight)     Turns: 1779, Time: 00:02:57

Health: -2/31      AC:  5    Str: 14    XL:     3   Next: 42%
Magic:  4/4        EV:  8    Int: 14    God:    Lugonu [*.....]
Gold:   67         SH:  0    Dex: 11    Spells: 2/2 levels left

rFire    . . .     SeeInvis .   a - +1 hand axe
rCold    . . .     Gourm    .   (no shield)
rNeg     . . .     Faith    .   b - +0 ring mail of Ulyk {Int+3 Dex+2} (curse)
rPois    .         Spirit   .   (no helmet)
rElec    .         Reflect  .   (no cloak)
rCorr    +         Harm     .   (no gloves)
MR       .....                  (no barding)
Stlth    ..........             (no amulet)
HPRegen  0.10/turn              f - ring of resist corrosion
MPRegen  0.09/turn              (no ring)

@: stab, very quick
A: large, hooves 3, deformed body, speed 2, tough skin 3
a: Depart the Abyss, Renounce Religion


You were on level 2 of the Dungeon.
You worshipped Lugonu.
Lugonu was aware of your devotion.
You were not hungry.

You visited 1 branch of the dungeon, and saw 2 of its levels.
You visited the Abyss 1 time.

You collected 67 gold pieces.

Inventory:

Hand Weapons
 a - a +1 hand axe (weapon)
Armour
 b - the cursed +0 ring mail of Ulyk (worn) {Int+3 Dex+2}
   (You found it on level 2 of the Abyss)

   It affects your intelligence (+3).
   It affects your dexterity (+2).
   It has a curse placed upon it.
 d - a +0 plate armour
Jewellery
 f - a ring of resist corrosion (left hand)
Comestibles
 c - 2 rations
 i - 6 chunks of flesh


   Skills:
 + Level 3.3 Fighting
 + Level 2.0 Axes
 * Level 2.0 Armour
 * Level 1.1 Dodging
 * Level 2.3 Invocations


You had 2 spell levels left.
You didn't know any spells.
Your spell library was empty.

Dungeon Overview and Level Annotations

Branches:
Dungeon (2/15)

Altars:


Innate Abilities, Weirdness & Mutations

You have hooves in place of feet.
Armour fits poorly on your strangely shaped body.
You cover ground very quickly.
You have extremely tough skin. (AC +3)


Message History

You closely miss the phantom. Your kick misses the phantom.
The phantom is severely damaged.
The phantom hits you but does no damage.
You miss the phantom. You kick the phantom!
The phantom is almost destroyed.
The phantom barely misses you. The phantom hits you.
* * * LOW HITPOINT WARNING * * *
Some of the chunks of flesh in your inventory have rotted away.
You barely miss the phantom. You kick the phantom.
The phantom is almost destroyed.
The phantom hits you but does no damage.
You barely miss the phantom.
The phantom is almost destroyed.
The phantom blinks!
You swing at nothing.
You swing at nothing.
You barely miss the phantom. Your kick misses the phantom.
The phantom is almost destroyed.
The phantom hits you.
You die...

### ## ..#######.
##.#.. ....##
#....##.....#
#.....#.##..# #
#...#.##..#
#.#...#.##..## ##### #
#.#.@W..##...# #...
#.#......####..####.###
#.........#.....÷......
#......#..#.########...
#.####†.!..............
#.#....#..##########...
# #.##.#..... #... #
#.#.##### #### ...!. #


You could see a phantom.

Vanquished Creatures
  An adder (D:2)
  A worm (D:2)
  2 leopard geckos
  2 giant cockroaches (D:2)
  8 hobgoblins
  5 kobolds
  5 bats
  2 frilled lizards (D:1)
  A goblin (D:1)
  2 rats (D:1)
29 creatures vanquished.

Notes
Turn   | Place    | Note
-------+----------+-------------------------------------------
     0 | Abyss:1  | Gargoyl the Centaur Abyssal Knight began the quest for the
                  | Orb.
     0 | Abyss:1  | Reached XP level 1. HP: 19/19 MP: 2/2
    56 | Abyss:1  | Found a corrupted altar of Lugonu.
   113 | Abyss:1  | Noticed a thrashing horror
   248 | Abyss:2  | Noticed a tentacled starspawn
   253 | Abyss:2  | Got a jewelled ring mail
   254 | D:1      | Escaped the Abyss
   590 | D:1      | Reached * piety under Lugonu
   590 | D:1      | Reached XP level 2. HP: 22/26 MP: 3/3
  1107 | D:1      | Reached skill level 1 in Dodging
  1434 | D:2      | Reached XP level 3. HP: 31/31 MP: 4/4
  1441 | D:2      | Identified the cursed +0 ring mail of Ulyk {Int+3 Dex+2}
                  | (You found it on level 2 of the Abyss)
  1738 | D:2      | Noticed a phantom
  1762 | D:2      | HP: 1/31 [phantom (5)]
  1774 | D:2      | HP: 1/31 [phantom (5)]
  1779 | D:2      | Slain by a phantom

Illustrated notes

Levels and vault maps discovered:
D:1:      sevenhm_arrival_forest_fort_large_2, layout_loops_corners
D:2:      layout_basic, yredelemnul_altar_generic

Skill      XL: |  1  2  3 |
---------------+----------+-----
Dodging        | 1 |  1.1
Axes           | 2 |  2.0
Armour         | 2 |  2.0
Fighting       | |  3.3
Invocations    | |  2.3

Action                   || total
-------------------------++-------
Melee: Hand axe          ||   124
       Kick              ||    23
Invok: Depart the Abyss  ||     1
  Use: Potion            ||     3
       Scroll            ||     5
  Eat: Chunk             ||     2
Armor: Plate armour      ||    89
       Ring mail         ||    26
Dodge: Dodged            ||    10

Table legend:
 A = Non-vault XP
 B = Vault XP
 C = Vault XP percentage of total XP
 D = Non-vault monster count
 E = Vault monster count
 F = Vault count percentage of total count
                 A         B        C        D         E       F
            +---------+---------+-------+---------+---------+-------
      Total |      65 |       0 |   0.0 |      29 |       0 |   0.0
            +---------+---------+-------+---------+---------+-------
        D:1 |      28 |       0 |   0.0 |      18 |       0 |   0.0
        D:2 |      37 |       0 |   0.0 |      11 |       0 |   0.0
            +---------+---------+-------+---------+---------+-------
